 Dungeon Crawl Stone Soup version 0.30-a0-782-ge64f9170bb (webtiles) character file.

Game seed: 251714785220996463

5054 funkygono the Thaumaturge (level 10, -6/52 HPs)
             Began as a Gargoyle Fire Elementalist on Feb 20, 2023.
             Was an Initiate of Sif Muna.
             Mangled by a spriggan
             ... wielding a +2 war axe of distortion
              (32 damage)
             ... in a bailey.
             The game lasted 00:14:14 (9265 turns).

funkygono the Thaumaturge (GrFE)                    Turns: 9265, Time: 00:14:15

Health: -6/52      AC: 15    Str: 17    XL:     10   Next: 56%
Magic:  13/23      EV: 12    Int: 21    God:    Sif Muna [......]
Gold:   279        SH:  0    Dex: 10    Spells: 12/27 levels left

rFire   + . .      SeeInvis .    o - +4 whip (flame)
rCold   x . .      Faith    .    (no shield)
rNeg    + . .      Spirit   .    a - +0 robe
rPois   ∞          Reflect  .    D - +1 helmet
rElec   +          Harm     .    (no cloak)
rCorr   .          Rampage  .    r - +0 pair of gloves
Will    .....                    C - +2 pair of boots
Stlth   +                        B - amulet of regeneration
HPRegen 1.08/turn                w - ring of fire
MPRegen 0.18/turn                E - +6 ring of strength

@: very slow
A: sickness immunity, AC +7, negative energy resistance 1, electricity
resistance, torment resistance 1, petrification resistance
a: Renounce Religion


You were in a bailey.
You worshipped Sif Muna.
Sif Muna was noncommittal.
You visited 2 branches of the dungeon, and saw 9 of its levels.
You also visited: Bailey.

You collected 279 gold pieces.

Inventory:

Hand Weapons
 h - a +0 whip
 o - a +4 whip of flaming (weapon)
 v - a +2 vampiric whip
Missiles
 m - a throwing net (quivered)
Armour
 a - a +0 robe (worn)
 d - the +2 scale mail of Youthful Indiscretion {Str+3}
   (You found it on level 8 of the Dungeon)

   Str:       It affects your strength (+3).
 q - +0 acid dragon scales
 r - a +0 pair of gloves (worn)
 C - a +2 pair of boots (worn)
 D - a +1 helmet (worn)
Magical Staves
 c - a staff of earth
Jewellery
 f - an amulet of guardian spirit
 w - a ring of fire (left hand)
 B - an amulet of regeneration (around neck)
 E - a +6 ring of strength (right hand)
Wands
 A - a wand of roots (7)
Scrolls
 e - 3 scrolls of teleportation
Potions
 b - 2 potions of magic
 g - 2 potions of brilliance
 i - a potion of mutation
 j - a potion of might
 k - 4 potions of curing
 l - a potion of attraction
 n - a potion of haste
 u - a potion of flight
 z - a potion of ambrosia {unknown}


   Skills:
 + Level 1.0 Fighting
 + Level 0.2(0.3) Maces & Flails
 + Level 0.1(0.2) Staves
 + Level 2.3 Dodging
 - Level 2.1 Stealth
 + Level 9.2 Spellcasting
 + Level 6.8 Conjurations
 + Level 2.7 Transmutations
 + Level 8.9 Fire Magic
 + Level 2.9 Poison Magic


You had 12 spell levels left.
You knew the following spells:

 Your Spells              Type           Power      Damage    Failure   Level
a - Foxfire               Conj/Fire      100%       2x1d9     1%          1
b - Scorch                Fire           100%       2d10      1%          2
c - Kindle Blastsparks    Fire/Tloc/Air  66%        2d15      6%          3
d - Flame Wave            Conj/Fire      59%        2d14      2%          4
e - Sting                 Tmut/Pois      84%        1d7       2%          1
f - Olgreb's Toxic Radia  Pois           22%        N/A       21%         4

Your spell library contained the following spells:

 Spells                   Type           Power      Damage    Failure   Level
 Kiss of Death            Conj/Necr      96%        2d12      1%          1
 Inner Flame              Hex/Fire       42%        N/A       3%          3
 Poisonous Vapours        Pois/Air       32%        N/A       6%          2
 Confusing Touch          Hex            9%         N/A       22%         3
 Gell's Gravitas          Tloc           9%         N/A       22%         3
 Ozocubu's Armour         Ice            9%         N/A       22%         3
 Teleport Other           Tloc           9%         N/A       22%         3
 Dispel Undead            Necr           9%         3d8       56%         4
 Dispersal                Tloc           4%         N/A       100%        6
 Ozocubu's Refrigeration  Ice            4%         4d8       100%        7


Dungeon Overview and Level Annotations

Branches:
Dungeon (8/15)             Temple (1/1) D:7          Bailey (1/1)
   Lair: D:8-11

Altars:
Ashenzari
Dithmenos
Fedhas
Gozag
Hepliaklqana
Kikubaaqudgha
Makhleb
Okawaru
Qazlal
Ru
Sif Muna
Trog
Uskayaw
Vehumet
Wu Jian
Xom
Yredelemnul
Zin
The Shining One


Innate Abilities, Weirdness & Mutations

You are immune to sickness and miasma.
Your stone body is resilient. (AC +7)
You are immune to poison.
You resist negative energy. (rN+)
You are resistant to electric shocks. (rElec)
You are resistant to unholy torment.
You are immune to petrification.


Message History

The spriggan hits you but does no damage.
Casting: Foxfire (safe; 1% risk of failure)
Confirm with . or Enter, or press ? or * to list all spells.
You feel a surge of power!
You conjure some foxfire!
The foxfire hits the spriggan.
The spriggan is lightly wounded.
The foxfire hits the spriggan but does no damage.
The spriggan is lightly wounded.
The spriggan drinks a potion.
The spriggan seems to grow stronger.
The spriggan hits you from afar with a +0 trident.
Casting: Foxfire (safe; 1% risk of failure)
Confirm with . or Enter, or press ? or * to list all spells.
You feel a surge of power!
You conjure some foxfire!
The foxfire hits the spriggan!
The spriggan is heavily wounded.
The spriggan hits you with a +2 war axe of distortion!
The spriggan hits your foxfire with a +2 war axe of distortion!!
Space warps around your foxfire!
You blink.
Splash!
You fall into the shallow water.
Moving in this stuff is going to be slow.
A two-headed ogre comes into view. It is wielding two +0 glaives.
The spriggan splashes around in the water.
Casting: Foxfire (safe; 1% risk of failure)
Confirm with . or Enter, or press ? or * to list all spells.
You feel a surge of power!
Flames lash the spriggan.
The spriggan resists.
The spriggan is heavily wounded.
The spriggan's fire resistance burns away.
The foxfire hits the spriggan but does no damage.
The spriggan is heavily wounded.
The foxfire hits the spriggan.
The spriggan is severely wounded.
The spriggan barely misses you. The spriggan misses you.
Unknown command.
Casting: Scorch (safe; 1% risk of failure)
Confirm with . or Enter, or press ? or * to list all spells.
You feel a surge of power!
You conjure some foxfire!
The spriggan hits you with a +2 war axe of distortion!!
Ouch! That really hurt!
You die...

#########
##....)..##
##....)....##
##..####♣♣#..##
##..## ..##..##
##..## ..##..##
##).## ..#...#
))..# ♣.#v..#
~~..# ♣.♣@..#
~~..#


♣Divi.# ~~..♣ ♣O#~..# ~~..# ♣♣.#§..# ##..#♣ ♣..#...# ##..#♣D......##..##
##..##.....#♣..## ##..♣##### ..## ##.........# You could see a two-headed ogre,
a steam dragon and 2 spriggans.

Vanquished Creatures
  Pikel (D:7)
  Joseph (D:7)
  Maggie (D:7)
  A queen bee (shapeshifter) (D:7)
  3 spriggans (Bailey)
  A wyvern (D:8)
  Eustachio (D:4)
  Menkaure (D:4)
  A steam dragon (D:7)
  An acid dragon (D:7)
  A water moccasin (D:7)
  2 ice beasts
  A sky beast (D:5)
  A black bear (D:6)
  An orc warrior (D:7)
  4 ogres
  A phantom (D:5)
  3 lemures
  2 bullfrogs
  5 scorpions (D:6)
  4 necrophages
  A wight (D:8)
  5 howler monkeys (D:7)
  5 hounds
  2 jellies
  3 orc priests
  4 iguanas
  5 orc wizards (D:5)
  8 gnolls
  9 adders
  A white imp (D:7)
  An ufetubus (D:4)
  2 worms
  2 dart slugs
  34 orcs
  7 endoplasms
  3 giant cockroaches
  8 goblins
  8 hobgoblins
  4 jackals (D:2)
  5 quokkas
  7 ball pythons
  10 bats
  A frilled lizard (D:1)
  8 kobolds
  5 rats
  A butterfly (D:7)
186 creatures vanquished.

Vanquished Creatures (others)
  596 foxfires
596 creatures vanquished.

Grand Total: 782 creatures vanquished

Notes
Turn   | Place    | Note
-------+----------+-------------------------------------------
     0 | D:1      | funkygono the Gargoyle Fire Elementalist began the quest
                  | for the Orb.
     0 | D:1      | Reached XP level 1. HP: 10/10 MP: 3/3
   186 | D:1      | Reached XP level 2. HP: 15/15 MP: 1/5
   189 | D:1      | Learned a level 2 spell: Scorch
   703 | D:1      | Reached XP level 3. HP: 19/19 MP: 1/6
   707 | D:1      | Learned a level 3 spell: Kindle Blastsparks
  1147 | D:2      | Reached skill level 3 in Spellcasting
  1293 | D:2      | Found a faded altar of an unknown god.
  1418 | D:2      | Reached XP level 4. HP: 20/24 MP: 0/8
  2376 | D:3      | Reached XP level 5. HP: 28/28 MP: 8/10
  2386 | D:3      | Learned a level 4 spell: Flame Wave
  2948 | D:3      | You fall into a shaft and drop 1 floor!
  3266 | D:4      | Found a hazy altar of Hepliaklqana.
  3267 | D:4      | Found a shimmering altar of Xom.
  3268 | D:4      | Noticed a spectral ugly thing
  3378 | D:4      | Reached XP level 6. HP: 32/32 MP: 5/11
  3383 | D:4      | Learned a level 1 spell: Sting
  3469 | D:4      | Noticed Eustachio
  3480 | D:4      | Killed Eustachio
  3481 | D:4      | Reached skill level 4 in Spellcasting
  4355 | D:4      | Noticed Menkaure
  4359 | D:4      | Killed Menkaure
  4360 | D:4      | Reached skill level 5 in Fire Magic
  4360 | D:4      | Reached XP level 7. HP: 36/36 MP: 7/14
  4442 | D:4      | Learned a level 4 spell: Olgreb's Toxic Radiance
  4536 | D:5      | Entered Level 5 of the Dungeon
  4607 | D:5      | Reached skill level 5 in Spellcasting
  4954 | D:5      | Reached XP level 8. HP: 41/41 MP: 12/16
  4966 | D:5      | Reached skill level 1 in Poison Magic
  5224 | D:5      | Reached skill level 1 in Transmutations
  5375 | D:5      | Found a radiant altar of Vehumet.
  5422 | D:5      | Found a blossoming altar of Fedhas.
  5744 | D:6      | Reached skill level 6 in Spellcasting
  5744 | D:6      | Reached skill level 5 in Conjurations
  6394 | D:6      | Reached XP level 9. HP: 46/46 MP: 11/18
  6937 | D:7      | Noticed Pikel
  7014 | D:7      | Reached skill level 7 in Spellcasting
  7323 | D:7      | Noticed Joseph
  7335 | D:7      | Killed Joseph
  7492 | D:7      | Noticed a queen bee
  7507 | D:7      | Killed Pikel
  7508 | D:7      | Reached skill level 8 in Spellcasting
  7510 | D:7      | Killed a queen bee
  7511 | D:7      | Reached XP level 10. HP: 51/51 MP: 1/22
  7737 | D:7      | Found a staircase to the Ecumenical Temple.
  7755 | Temple   | Entered the Ecumenical Temple
  7875 | Temple   | Became a worshipper of Sif Muna the Loreminder
  8396 | D:7      | Noticed Maggie
  8405 | D:7      | Killed Maggie
  9011 | D:8      | Reached skill level 1 in Fighting
  9013 | D:8      | Identified the +2 scale mail of Youthful Indiscretion
                  | {Str+3}
  9028 | D:8      | Found a flagged portal.
  9039 | Bailey   | Entered a bailey
  9086 | Bailey   | Reached skill level 9 in Spellcasting
  9263 | Bailey   | Noticed a two-headed ogre
  9265 | Bailey   | Mangled by a spriggan

Illustrated notes

Levels and vault maps discovered:
D:1:      doesnt_arrival_eight_statues, layout_loops_ring
D:2:      minmay_angry_zag, layout_basic, chequers_ecumenical_altar_simple,
          minmay_surrounded
D:3:      layout_loops_ring
D:4:      layout_loops_ring, regret_index_temple_of_mockery,
          nicolae_hexahallways, hangedman_abyss_or_decor_lesser_grid,
          uniq_menkaure, uniq_eustachio
D:5:      layout_basic, mainiacjoe_overflow_tiny_flanked, fedhas_altar_3
D:6:      layout_loops_ring
D:7:      layout_loops_cross, minmay_temple_entry_butterflies,
          minmay_three_doors, uniq_joseph, uniq_pikel, uniq_maggie
D:8:      layout_layer_cave, kennysheep_little_box, enter_bailey_3,
          doesnt_shop_hydraphobe, uniq_grum
Temple:   regret_index_temple_generic_petals
Bailey:   bailey_polearm_enchanted_keep_hellmonk, bailey

Skill      XL: |  1  2  3  4  5  6  7  8  9 10 |
---------------+-------------------------------+-----
Spellcasting   | 3 4 5 6 8 9 |  9.2
Conjurations   | 2 3 4 5 6 |  6.8
Fire Magic     | 4 5 6 8 |  8.9
Poison Magic   | 2 |  2.9
Transmutations | 2 |  2.7
Dodging        | 2 |  2.3
Fighting       | 1 |  1.0
Maces & Flails | |  0.2
Staves         | |  0.1
Stealth        | |  2.1

Action                     |  1- 3 |  4- 6 |  7- 9 | 10-12 || total
---------------------------+-------+-------+-------+-------++-------
  Melee: Staff             |     5 |     2 |       |       ||     7
         Whip              |       |     7 |     6 |     3 ||    16
   Cast: Foxfire           |    52 |   116 |   126 |    56 ||   350
         Scorch            |     1 |     9 |    34 |    22 ||    66
         Sting             |       |     6 |    29 |     7 ||    42
         Flame Wave        |       |       |     3 |     1 ||     4
         Olgreb's Toxic Ra |       |       |       |     1 ||     1
    Use: Scroll            |       |       |    16 |     3 ||    19
 Armour: Robe              |     4 |     7 |    25 |     5 ||    41
  Dodge: Dodged            |     8 |    20 |    38 |    18 ||    84

Table legend: (Time is in decaauts)
 A = Elapsed time spent in this place.
 B = Non-inter-level travel time spent in this place.
 C = Inter-level travel time spent in this place.
 D = Time resting spent in this place.
 E = Time spent auto-exploring this place.
 F = Levels seen in this place.
 G = Mean time per level.
                   A        B        C        D        E       F      G
               +--------+--------+--------+--------+--------+-----+--------+
         Total |   9269 |   9008 |    261 |    457 |   7097 |  10 |  926.9 |
       Dungeon |   8770 |   8538 |    232 |    377 |   6827 |   8 | 1096.2 |
        Temple |    268 |    239 |     29 |      0 |    228 |   1 |  268.0 |
        Bailey |    230 |    230 |      0 |     80 |     42 |   1 |  230.0 |
               +--------+--------+--------+--------+--------+-----+--------+

Top non-repeatable levels by time:
     D:7: 1500 daAuts
     D:4: 1401 daAuts
     D:6: 1285 daAuts
     D:5: 1153 daAuts
     D:2: 1146 daAuts
     D:1: 1054 daAuts
     D:3: 934 daAuts
     D:8: 293 daAuts
  Temple: 268 daAuts
  Bailey: 230 daAuts
